 Dungeon Crawl Stone Soup version 0.23-a0-516-g0f8c245 (webtiles) character file.

72 galech the Skirmisher (level 4, 0/35 HPs)
             Began as a Demonspawn Fighter on Dec 5, 2018.
             Succumbed to an adder's poison
             ... on level 2 of the Dungeon.
             The game lasted 00:01:27 (999 turns).

galech the Skirmisher (Demonspawn Fighter)           Turns: 999, Time: 00:01:28

Health: 0/35       AC:  6    Str: 13 (16) XL:     4   Next: 6%
Magic:  4/4        EV:  6    Int:  9 (10) God:
Gold:   86         SH:  8    Dex: 10 (13) Spells: 3/3 levels left

rFire    . . .     SeeInvis .   a - +0 war axe
rCold    . . .     Gourm    .   c - +0 shield
rNeg     . . .     Faith    .   b - +0 scale mail
rPois    .         Spirit   .   (helmet restricted)
rElec    .         Reflect  .   (no cloak)
rCorr    .         Harm     .   (no gloves)
MR       .....                  (no boots)
Stlth    ..........             (no amulet)
HPRegen  0.11/turn              (no ring)
MPRegen  0.09/turn              (no ring)

@: lethally poisoned (0 -> -7)
A: horns 2, powered by pain 1, spiny 1
a: no special abilities


You were on level 2 of the Dungeon.
You were hungry.

You visited 1 branch of the dungeon, and saw 2 of its levels.

You collected 86 gold pieces.

Inventory:

Hand Weapons
 a - a +0 war axe (weapon)
Armour
 b - a +0 scale mail (worn)
 c - a +0 shield (worn)
Scrolls
 h - a scroll of fog {unknown}
 i - a scroll of immolation {unknown}
 j - a scroll of blinking {unknown}
 k - a scroll of remove curse {unknown}
 l - a scroll of identify {unknown}
Potions
 d - a potion of might
 e - a potion of degeneration
Comestibles
 f - a ration
 g - 5 chunks of flesh


   Skills:
 + Level 3.4 Fighting
 + Level 2.5 Axes
 + Level 3.3 Armour
 + Level 0.4 Dodging
 + Level 3.1 Shields


You had 3 spell levels left.
You didn't know any spells.
Your spell library was empty.

Dungeon Overview and Level Annotations

Branches:
Dungeon (2/15)

Altars:


Innate Abilities, Weirdness & Mutations

You sometimes gain a little power by taking damage.
You are partially covered in sharp spines.
You have a pair of horns on your head.


Message History

You no longer feel heat resistant.
The horns on your head grow some more.
* * * LOW HITPOINT WARNING * * *
You feel sick.
There is a lethal amount of poison in your body!
There is a lethal amount of poison in your body!
* * * LOW HITPOINT WARNING * * *
You feel sick.
* * * LOW HITPOINT WARNING * * *
You feel sick.
* * * LOW HITPOINT WARNING * * *
You feel sick.
* * * LOW HITPOINT WARNING * * *
You feel sick.
* * * LOW HITPOINT WARNING * * *
You feel sick.
Some of the chunks of flesh in your inventory have rotted away.
* * * LOW HITPOINT WARNING * * *
You feel sick.
Unknown command.
You die...

#.##....
#.......
###..... #...>.
### #..... ..
#..... #. #.....
#)#####
##########
#.@.#..
#........#
###.#.#
#.....##.#
#...#.#
+.....##.#
#.###.#
#.....##..
#...#.#
#...(.####
###.#.####.....#
#............#
####......####
#......#


There were no monsters in sight!

Vanquished Creatures
  An adder (D:2)
  An ooze (D:1)
  A dart slug (D:1)
  3 leopard geckos
  4 bats
  4 giant cockroaches
  14 goblins
  4 hobgoblins
  8 jackals (D:1)
  A ball python (D:1)
  A frilled lizard (D:1)
  2 kobolds (D:1)
  2 rats
46 creatures vanquished.

Notes
Turn   | Place    | Note
-------+----------+-------------------------------------------
     0 | D:1      | galech the Demonspawn Fighter began the quest for the Orb.
     0 | D:1      | Reached XP level 1. HP: 18/18 MP: 1/1
    63 | D:1      | Gained mutation: You sometimes gain a little power by
                  | taking damage. [demonic ancestry]
    63 | D:1      | Reached XP level 2. HP: 18/24 MP: 2/2
   416 | D:1      | Gained mutation: You are partially covered in sharp spines.
                  | [demonic ancestry]
   416 | D:1      | Reached XP level 3. HP: 28/29 MP: 3/3
   988 | D:2      | Reached XP level 4. HP: 10/35 MP: 4/4
   990 | D:2      | Gained mutation: Your flesh is heat resistant. (rF+)
                  | [potion of mutation]
   990 | D:2      | Gained mutation: You have a pair of small horns on your
                  | head. [potion of mutation]
   990 | D:2      | Lost mutation: Your flesh is heat resistant. (rF+) [potion
                  | of mutation]
   990 | D:2      | Gained mutation: You have a pair of horns on your head.
                  | [potion of mutation]
   997 | D:2      | HP: 1/35 [poisoned by an adder]
   999 | D:2      | Succumbed to an adder's poison

Vault maps used:
D:1:      moated_graveyard_arrival, minmay_tromino_v7
D:2:      first_ration, xom_teletrap_fun, uniq_robin

Skill      XL: |  1  2 |
---------------+-------+-----
Axes           | 2 |  2.5
Shields        | 3 |  3.1
Armour         | 3 |  3.3
Fighting       | |  3.4
Dodging        | |  0.4

Action                   |  1- 3 |  4- 6 || total
-------------------------+-------+-------++-------
Melee: War axe           |   105 |       ||   105
  Use: Potion            |       |     2 ||     2
Armor: Scale mail        |    67 |       ||    67
Dodge: Dodged            |    33 |       ||    33
Block: Shield            |    52 |       ||    52

Table legend:
 A = Non-vault XP
 B = Vault XP
 C = Vault XP percentage of total XP
 D = Non-vault monster count
 E = Vault monster count
 F = Vault count percentage of total count
                 A         B        C        D         E       F
            +---------+---------+-------+---------+---------+-------
      Total |      81 |      22 |  21.4 |      35 |      11 |  23.9
            +---------+---------+-------+---------+---------+-------
        D:1 |      53 |       9 |  14.5 |      26 |       4 |  13.3
        D:2 |      28 |      13 |  31.7 |       9 |       7 |  43.8
            +---------+---------+-------+---------+---------+-------
